 Dungeon Crawl Stone Soup version 0.19.0-23-gf02e663 (webtiles) character file.

294 Rrauwl the Slasher (level 6, 0/47 HPs)
             Began as a Human Fighter on Nov 20, 2016.
             Was an Initiate of Okawaru.
             Slain by Drunkenshrew's ghost (14 damage)
             ... on level 4 of the Dungeon.
             The game lasted 00:21:33 (2718 turns).

Rrauwl the Slasher (Human Fighter)                  Turns: 2718, Time: 00:21:34

Health: 0/47       AC:  9    Str: 21    XL:     6   Next: 60%
Magic:  6/6        EV:  7    Int: 10    God:    Okawaru [......]
Gold:   141        SH:  9    Dex: 13    Spells: 0 memorised, 5 levels left

rFire  + . .     SeeInvis .     a - +1 long sword
rCold  . . .     Gourm    .     b - +0 scale mail
rNeg   . . .     Faith    .     c - +0 shield
rPois  .         Spirit   .     (no helmet)
rElec  .         Reflect  .     (no cloak)
rCorr  +         Harm     .     (no gloves)
MR     .....                    e - +1 pair of boots
Stlth  ..........               (no amulet)
                                h - ring of resist corrosion
                                i - ring of protection from fire

@: mighty, very slightly contaminated, hasted, very quick
A: no striking features
a: Renounce Religion


You were on level 4 of the Dungeon.
You worshipped Okawaru.
Okawaru was noncommittal.
You were not hungry.

You visited 1 branch of the dungeon, and saw 4 of its levels.

You collected 141 gold pieces.

Inventory:

Hand Weapons
 a - a +1 long sword (weapon)
Missiles
 l - 14 arrows
Armour
 b - a +0 scale mail (worn)
 c - a +0 shield (worn)
 e - a +1 pair of boots (worn)
Jewellery
 h - a ring of resist corrosion (right hand)
 i - a ring of protection from fire (left hand)
Scrolls
 g - a scroll of amnesia
 j - 4 scrolls of remove curse
 m - a scroll of identify
 q - a scroll of teleportation
Potions
 d - a potion of might
 n - a potion of brilliance
Books
 k - a book of Misfortune

   Spells                             Type                      Level
   a - Confusing Touch                Hexes                        1
   b - Confuse                        Hexes                        3
   c - Gell's Gravitas                Hexes/Translocation          3
   d - Petrify                        Transmutation/Earth          4
   e - Metabolic Englaciation         Hexes/Ice                    5
   f - Yara's Violent Unravelling     Hexes/Transmutation          5
 o - a book of Necromancy

   Spells                             Type                      Level
   a - Pain                           Necromancy                   1
   b - Animate Skeleton               Necromancy                   1
   c - Vampiric Draining              Necromancy                   3
   d - Regeneration                   Charms/Necromancy            3
   e - Animate Dead                   Necromancy                   4
   f - Control Undead                 Necromancy                   4
Comestibles
 f - 2 bread rations
 r - 5 chunks of flesh


   Skills:
 + Level 3.2 Fighting
 + Level 6.1 Long Blades
 + Level 3.3 Armour
 + Level 3.1 Shields


You had 5 spell levels left.
You didn't know any spells.

Dungeon Overview and Level Annotations

Branches:
Dungeon (4/15)
 Temple: D:4-7

Altars:
Dithmenos
Okawaru

Annotations:
D:4 Drunkenshrew's ghost, novice MiFi


Message History

Drunkenshrew's ghost is heavily damaged.
You slash Drunkenshrew's ghost!
Drunkenshrew's ghost is severely damaged.
Drunkenshrew's ghost hits you.
You barely miss Drunkenshrew's ghost.
Drunkenshrew's ghost is severely damaged.
Drunkenshrew's ghost barely misses you.
You slash Drunkenshrew's ghost!
Drunkenshrew's ghost is severely damaged.
You block Drunkenshrew's ghost's attack.
You barely miss Drunkenshrew's ghost.
Drunkenshrew's ghost is severely damaged.
You hit Drunkenshrew's ghost but do no damage.
Drunkenshrew's ghost is severely damaged.
Drunkenshrew's ghost hits you.
* * * LOW HITPOINT WARNING * * *
You hit Drunkenshrew's ghost.
Drunkenshrew's ghost is almost destroyed.
Drunkenshrew's ghost hits you!
You die...

## #. #) #. ##
##################
#.................
#######'############.###
..[......# ###..##
.......@.# ##..)...
.......W.# ##..♣...♣
.........# #........
.........# #.....♣..
.........# #..>.....
.........# #.....♣..
.........# #........
.........# ##..♣...♣
##......


You could see Drunkenshrew's ghost.

Vanquished Creatures
  The ghost of Rrauwl the Slasher, an amateur HuFi of Dithmenos (D:3)
  A bullfrog skeleton (D:4)
  Jessica (D:2)
  A hound skeleton (D:4)
  A howler monkey zombie (D:3)
  3 gnolls (D:3)
  2 adders
  A shadow imp (D:4)
  2 adder skeletons (D:4)
  2 worms (D:2)
  4 leopard geckos
  3 orcs (D:4)
  4 giant cockroaches
  6 goblins
  9 hobgoblins
  3 jackals (D:1)
  2 ball pythons (D:3)
  8 bats
  5 frilled lizards
  5 kobolds
  5 rats
69 creatures vanquished.

Notes
Turn   | Place    | Note
-------+----------+-------------------------------------------
     0 | D:1      | Rrauwl the Human Fighter began the quest for the Orb.
     0 | D:1      | Reached XP level 1. HP: 18/18 MP: 1/1
     6 | D:1      | Noticed a lindwurm
     6 | D:1      | Noticed a killer bee
     6 | D:1      | Noticed a black bear
     6 | D:1      | Noticed a black mamba
    74 | D:1      | Reached XP level 2. HP: 20/24 MP: 2/2
   298 | D:1      | Reached skill level 3 in Long Blades
   333 | D:1      | Reached XP level 3. HP: 22/29 MP: 3/3
   992 | D:2      | Reached XP level 4. HP: 19/35 MP: 4/4
  1003 | D:2      | Reached skill level 4 in Long Blades
  1288 | D:2      | Noticed Jessica
  1320 | D:2      | Killed Jessica
  1660 | D:3      | Reached XP level 5. HP: 30/41 MP: 5/5
  1675 | D:3      | Reached skill level 5 in Long Blades
  1869 | D:3      | Noticed Rrauwl's ghost (amateur HuFi)
  1885 | D:3      | Killed Rrauwl's ghost
  1885 | D:3      | Reached XP level 6. HP: 23/47 MP: 6/6
  2098 | D:3      | Found an iron altar of Okawaru.
  2109 | D:3      | Became a worshipper of Warmaster Okawaru
  2204 | D:3      | Reached skill level 6 in Long Blades
  2541 | D:4      | Found a shadowy altar of Dithmenos.
  2702 | D:4      | Noticed Drunkenshrew's ghost (novice MiFi)
  2718 | D:4      | Slain by Drunkenshrew's ghost

Skill      XL: |  1  2  3  4  5  6 |
---------------+-------------------+-----
Long Blades    | 3 4 5 6 |  6.1
Fighting       | |  3.2
Armour         | |  3.3
Shields        | |  3.1

Action                   |  1- 3 |  4- 6 || total
-------------------------+-------+-------++-------
Melee: Long sword        |   109 |   142 ||   251
  Use: Potion            |     1 |     8 ||     9
       Scroll            |     5 |     8 ||    13
  Eat: Chunk             |       |     2 ||     2
       Bread ration      |       |     1 ||     1
Armor: Scale mail        |    62 |    45 ||   107
Dodge: Dodged            |    39 |    37 ||    76
Block: Shield            |    60 |    62 ||   122
       Rpst.: Long sword |    11 |    13 ||    24
